Map: Chantier naval orbital

Players

AgCl - Winner!

  • Race: Protoss Protoss

BasioSCII

  • Race: Protoss Protoss

VOD

Have the link to the VOD?

Description

Time

  • Played on: May 10, 2015, 4:34 a.m.
  • Length: 20:03
Show
View Real Time Build Order
Export as new Build Order

AgCl Protoss - Winner!

Build Orders: Oracle Opening, Oracle Opening 

Get SALT Encoding   

  12  0:12  Pylon  
  12  0:13  Probe  
  13  0:25  Probe  
  14  0:36  Gateway  
  14  0:37  Assimilator  
  14  0:41  Probe (Chrono Boost)  
  15  0:53  Probe (Chrono Boost), Pylon  
  16  1:02  Probe (Chrono Boost)  
  17  1:10  Probe  
  18  1:22  Probe (Chrono Boost)  
  18  1:23  Cybernetics Core  
  19  1:33  Zealot, Assimilator  
  19  1:35  Probe (Chrono Boost)  
  22  1:41  Probe (Chrono Boost)  
  23  2:00  Adept (Chrono Boost)  
  25  2:03  Probe  
  25  2:05  Warp Gate  
  26  2:25  Nexus  
  27  2:40  Probe (Chrono Boost)  
  27  2:41  Stargate  
  29  2:53  Mothership Core (Chrono Boost)  
  27  3:07  Probe (Chrono Boost)  
  26  3:17  Probe (Chrono Boost)  
  27  3:21  Forge  
  27  3:23  Robotics Facility  
  27  3:24  Pylon  
  28  3:30  Oracle (Chrono Boost)  
  30  3:37  Probe  
  30  3:38  Probe  
  32  3:49  Probe (Chrono Boost)  
  32  3:53  Probe (Chrono Boost)  
  34  4:00  Protoss Ground Weapons Level 1  
  34  4:01  Probe (Chrono Boost)  
  35  4:07  Probe (Chrono Boost)  
  35  4:09  Probe (Chrono Boost)  
  37  4:14  Void Ray  
  37  4:15  Probe  
  42  4:18  Probe  
  43  4:26  Assimilator  
  43  4:27  Probe  
  43  4:30  Probe (Chrono Boost)  
  45  4:42  Probe (Chrono Boost)  
  45  4:43  Probe (Chrono Boost)  
  47  4:49  Observer  
  47  4:52  Probe (Chrono Boost)  
  50  4:54  Probe (Chrono Boost)  
  50  4:59  Probe  
  51  5:03  Probe  
  52  5:12  Probe (Chrono Boost)  
  47  5:16  Probe (Chrono Boost)  
  42  5:24  Probe (Chrono Boost)  
  42  5:28  Probe (Chrono Boost)  
  42  5:32  Probe (Chrono Boost)  
  42  5:33  Photon Cannon  
  42  5:35  Probe (Chrono Boost)  
  42  5:41  Probe (Chrono Boost)  
  41  5:46  Observer (Chrono Boost)  
  41  5:49  Probe (Chrono Boost)  
  44  5:50  Probe (Chrono Boost)  
  44  5:51  Fleet Beacon  
  44  5:56  Stargate  
  44  5:57  Probe (Chrono Boost), Pylon  
  45  6:08  Probe (Chrono Boost)  
  45  6:10  Probe (Chrono Boost)  
  47  6:13  Assimilator  
  47  6:15  Pylon  
  49  6:19  Probe x2 (Chrono Boost)  
  49  6:25  Probe  
  50  6:26  Probe  
  50  6:28  Carrier (Chrono Boost)  
  51  6:37  Probe  
  51  6:38  Probe  
  53  6:45  Nexus  
  59  6:48  Pylon  
  59  6:50  Graviton Catapult  
  59  6:52  Probe  
  59  6:53  Probe  
  61  6:57  Pylon  
  61  6:59  Photon Cannon  
  61  7:05  Probe x2 (Chrono Boost), Carrier (Chrono Boost)  
  63  7:14  Twilight Council  
  65  7:16  Probe x2 (Chrono Boost)  
  65  7:22  Probe x2 (Chrono Boost)  
  67  7:28  Assimilator  
  73  7:32  Photon Cannon  
  73  7:33  Probe  
  73  7:34  Probe  
  75  7:37  Pylon  
  75  7:45  Probe, Carrier (Chrono Boost)  
  75  7:50  Probe  
  77  8:03  Protoss Air Weapons Level 1  
  77  8:08  Assimilator  
  83  8:14  Dark Shrine  
  83  8:17  Pylon  
  83  8:27  Gateway  
  83  8:29  Gateway  
  83  8:31  Gateway, Protoss Ground Weapons Level 2 (Chrono Boost)  
  83  8:32  Pylon  
  83  8:36  Probe (Chrono Boost)  
  83  8:37  Probe (Chrono Boost), Pylon  
  83  8:38  Carrier (Chrono Boost)  
  86  8:44  Probe (Chrono Boost)  
  86  8:45  Pylon  
  86  8:47  Probe (Chrono Boost)  
  87  8:49  Gateway  
  87  9:00  Probe  
  87  9:01  Probe  
  95  9:03  Carrier (Chrono Boost)  
  98  9:27  Warp Prism  
  98  9:30  Probe x2  
  102  9:43  Pylon x2  
  102  10:06  Nexus  
  102  10:12  Pylon  
  102  10:15  Carrier x2 (Chrono Boost)  
  102  10:18  Pylon  
  102  10:19  Protoss Air Weapons Level 2  
  102  10:30  Protoss Ground Weapons Level 3 (Chrono Boost)  
  102  10:36  Pylon  
  114  10:45  Cybernetics Core  
  114  10:47  Pylon  
  114  10:48  Pylon  
  114  10:49  Forge  
  114  10:54  Stargate  
  114  10:58  Gateway  
  114  10:59  Pylon  
  114  11:04  Pylon  
  114  11:09  Pylon  
  114  11:11  Adept  
  114  11:12  Carrier (Chrono Boost)  
  114  11:13  Carrier (Chrono Boost), Photon Cannon  
  114  11:14  Adept  
  118  11:18  Assimilator  
  118  11:26  Protoss Air Armor Level 1  
  130  11:42  Protoss Shields Level 1 (Chrono Boost)  
  129  11:47  Probe  
  129  11:49  Assimilator  
  129  11:51  Probe  
  130  12:18  Pylon  
  133  12:29  Carrier x2 (Chrono Boost)  
  128  12:42  Protoss Air Weapons Level 3 (Chrono Boost)  
  140  12:54  Carrier (Chrono Boost)  
  146  13:07  Nexus  
  146  13:09  Assimilator  
  146  13:14  Assimilator  
  146  13:16  Pylon  
  146  13:22  Dark Templar, Carrier (Chrono Boost)  
  146  13:23  Gateway  
  148  13:27  Gateway x2  
  148  13:31  Gateway  
  148  13:33  Gateway  
  148  13:35  Gateway  
  148  13:46  Protoss Air Armor Level 2 (Chrono Boost), Protoss Shields Level 2 (Chrono Boost)  
  154  13:48  Protoss Ground Armor Level 1 (Chrono Boost)  
  154  13:55  Stalker  
  154  13:56  Zealot x2  
  154  13:59  Dark Templar  
  156  14:32  Photon Cannon  
  156  14:33  Photon Cannon  
  156  14:34  Photon Cannon  
  156  14:36  Pylon  
  162  14:51  Dark Templar x3  
  149  15:18  Mothership Core  
  149  15:27  Dark Templar  
  150  15:34  Observer (Chrono Boost)  
  157  15:43  Photon Cannon x2  
  157  15:45  Photon Cannon  
  157  15:48  Pylon  
  157  15:49  Observer (Chrono Boost)  
  158  15:54  Carrier x2 (Chrono Boost)  
  152  16:09  Pylon  
  146  16:16  Carrier (Chrono Boost)  
  152  16:28  Protoss Shields Level 3 (Chrono Boost)  
  152  16:30  Protoss Ground Armor Level 2 (Chrono Boost)  
  152  16:32  Charge (Chrono Boost)  
  150  16:36  Protoss Air Armor Level 3 (Chrono Boost)  
  156  17:03  Nexus  
  156  17:11  Pylon, Assimilator  
  156  17:20  Gateway  
  156  17:24  Pylon  
  156  17:29  Zealot  
  158  17:30  Pylon, Zealot x5  
  161  17:50  Pylon  
  160  17:54  Pylon  
  160  17:56  Pylon  
  160  17:57  Zealot  
  160  17:58  Zealot x3  
  165  18:01  Nexus  
  165  18:03  Carrier (Chrono Boost)  
  167  18:06  Carrier x2 (Chrono Boost)  
  167  18:10  Pylon  
  185  18:48  Shield Upgrade  
  191  19:27  Assimilator  
  191  19:32  Photon Cannon  
  191  19:36  Photon Cannon  
  191  19:38  Photon Cannon  
  191  19:39  Photon Cannon  
  191  19:43  Photon Cannon  
Show
View Real Time Build Order
Export as new Build Order

BasioSCII Protoss 

Build Orders: Blink Stalkers, Zealot Archon, Dark Templar Rush 

Get SALT Encoding   

  12  0:01  Probe  
  13  0:13  Probe  
  14  0:19  Pylon  
  14  0:37  Probe (Chrono Boost)  
  14  0:38  Gateway  
  15  0:48  Probe (Chrono Boost)  
  16  0:51  Assimilator  
  16  0:54  Assimilator  
  16  0:55  Probe (Chrono Boost)  
  17  1:06  Probe (Chrono Boost)  
  18  1:12  Pylon  
  18  1:15  Probe (Chrono Boost)  
  19  1:27  Cybernetics Core, Probe  
  20  1:39  Probe (Chrono Boost)  
  21  1:49  Probe (Chrono Boost)  
  22  1:59  Probe  
  23  2:03  Twilight Council  
  23  2:06  Stalker  
  25  2:11  Mothership Core  
  27  2:18  Warp Gate  
  26  2:32  Gateway  
  26  2:37  Pylon  
  25  3:07  Probe (Chrono Boost)  
  26  3:17  Probe (Chrono Boost), Nexus  
  27  3:25  Blink (Chrono Boost)  
  27  3:31  Dark Shrine  
  27  3:42  Probe (Chrono Boost)  
  28  3:52  Probe (Chrono Boost)  
  28  3:53  Robotics Facility  
  29  3:56  Pylon  
  29  3:59  Stalker  
  31  4:07  Stalker  
  33  4:29  Pylon  
  33  4:46  Dark Templar x2  
  37  4:57  Probe x2, Forge  
  39  5:00  Observer  
  39  5:04  Gateway  
  40  5:10  Pylon  
  40  5:18  Probe x2  
  38  5:46  Protoss Ground Weapons Level 1 (Chrono Boost)  
  38  5:47  Observer  
  39  5:54  Photon Cannon  
  39  5:58  Stalker, Nexus  
  39  5:59  Stalker  
  40  6:10  Probe (Chrono Boost)  
  40  6:11  Probe (Chrono Boost)  
  42  6:20  Probe x2 (Chrono Boost)  
  42  6:24  Assimilator  
  42  6:25  Assimilator  
  44  6:27  Probe  
  44  6:29  Photon Cannon  
  45  6:47  Probe  
  45  6:48  Probe  
  45  6:51  Observer  
  45  6:52  Dark Templar x2  
  52  6:56  Archon  
  52  7:00  Probe x2  
  54  7:06  Pylon  
  54  7:12  Gateway  
  54  7:13  Gateway  
  54  7:23  Observer  
  55  7:31  Probe x3  
  55  7:32  Charge  
  55  7:36  Protoss Ground Armor Level 1 (Chrono Boost)  
  58  8:00  Dark Templar x2  
  58  8:03  Zealot  
  58  8:05  Archon  
  64  8:10  Gateway  
  64  8:12  Gateway  
  64  8:18  Pylon  
  64  8:21  Probe x3  
  64  8:23  Warp Prism  
  69  8:29  Assimilator x2  
  69  8:33  Zealot x2  
  73  8:41  Photon Cannon  
  73  8:44  Pylon  
  73  8:53  Gateway  
  73  8:55  Gateway  
  73  9:01  Gateway  
  73  9:20  Templar Archives  
  73  9:27  Dark Templar x2  
  73  9:28  Dark Templar x2  
  73  9:29  Zealot  
  83  9:32  Zealot  
  85  9:46  Protoss Ground Weapons Level 2 (Chrono Boost)  
  85  9:58  Archon  
  85  9:59  Archon  
  85  10:02  Zealot  
  85  10:03  Dark Templar x4  
  85  10:13  Dark Templar x3  
  85  10:14  Dark Templar  
  91  10:26  Forge  
  91  10:35  Archon  
  91  10:36  Archon  
  91  10:50  Probe x3  
  91  10:51  Psionic Storm  
  91  10:55  Nexus, Pylon  
  94  11:01  Protoss Ground Armor Level 2 (Chrono Boost)  
  94  11:04  High Templar x2  
  94  11:06  High Templar  
  100  11:15  Probe x2  
  100  11:16  Probe  
  103  11:20  Assimilator  
  103  11:22  Observer  
  104  11:26  Assimilator  
  104  11:28  Pylon, Photon Cannon  
  104  11:29  High Templar x2  
  108  11:46  Dark Templar  
  110  11:47  Dark Templar  
  110  11:50  Probe x2  
  110  11:51  Probe  
  110  11:52  Archon  
  115  11:59  Photon Cannon  
  115  12:13  Dark Templar x2  
  115  12:14  Stalker x2  
  123  12:16  Archon  
  123  12:27  Protoss Ground Weapons Level 3 (Chrono Boost)  
  123  12:28  Warp Prism  
  125  12:39  Dark Templar x2  
  125  12:43  Archon  
  129  12:48  Pylon x2  
  129  12:50  Pylon  
  129  13:07  Gateway x2  
  129  13:09  Gateway, Dark Templar x2  
  129  13:12  High Templar  
  135  13:13  High Templar  
  135  13:17  Archon  
  135  13:18  Archon  
  136  13:39  Stalker x4  
  136  13:40  Stalker x2  
  139  13:54  Zealot x4  
  147  14:03  Dark Templar x2  
  147  14:08  Dark Templar x2  
  141  14:27  Dark Templar x3  
  147  14:31  Archon x2  
  79  15:03  Stalker x5  
  79  15:04  Stalker x4  
  75  15:08  Stalker x2  
  75  15:09  Stalker  
  81  15:28  Stalker x2  
  81  15:29  Stalker x4  
  93  15:50  Stalker x4  
  93  15:51  Stalker x2  
  62  16:13  Stalker x4  
  62  16:17  Stalker  
  62  16:18  Stalker  
  64  16:24  Stalker  
  64  16:25  Stalker  
  66  16:36  Stalker x2  
  70  16:47  Stalker x2  
  70  16:51  Probe x4  
  76  17:02  Stalker x2  
  80  17:08  Zealot  
  82  17:25  Stalker  
  82  17:26  Stalker x3  
  82  17:27  High Templar  
  82  17:28  High Templar  
  88  17:48  Probe  
  88  17:49  Probe x3  
  92  17:58  Stalker x2, Dark Templar  
  94  17:59  Stalker x3  
  102  18:22  Dark Templar x3  
  102  18:23  Dark Templar x2  
  112  18:38  Nexus  
  112  18:42  Archon x2  
  110  19:00  Probe x3  
  113  19:04  Assimilator  
  113  19:07  Stalker x3  
  119  19:10  Assimilator  
  119  19:25  Stalker x3  
  119  19:26  Zealot  
  119  19:27  Zealot x3  
Tags
 
Add a new tag
Caveats
  • Supply blocks, unpowered buildings, or Contaminate may cause inaccurate times.
  • Supply counts are checked every 10 seconds.